 Dungeon Crawl Stone Soup version 0.28-a0-661-g144af121cd (webtiles) character file.

Game seed: 7839154688299444731

104 Lekart the Slasher (level 4, 0/40 HPs)
             Began as a Draconian Chaos Knight on Oct 14, 2021.
             Was a Plaything of Xom.
             Slain by an orc (1 damage)
             ... on level 3 of the Dungeon.
             The game lasted 00:01:48 (2081 turns).

Lekart the Slasher (Draconian Chaos Knight)         Turns: 2081, Time: 00:01:49

Health: 0/40       AC:  5    Str: 14    XL:     4   Next: 52%
Magic:  4/4        EV: 11    Int: 13    God:    Xom [.*....]
Gold:   74         SH:  3    Dex: 11    Spells: 3/3 levels left

rFire   . . .      SeeInvis .   a - +0 falchion (chaos)
rCold   . . .      Faith    .   l - +0 buckler
rNeg    . . .      Spirit   .   (armour unavailable)
rPois   .          Reflect  .   (helmet restricted)
rElec   .          Harm     .   (no cloak)
rCorr   .          Rampage  .   (no gloves)
Will    .....                   (no boots)
Stlth   +.........              (no amulet)
HPRegen 0.13/turn               (no ring)
MPRegen 0.09/turn               (no ring)

@: no status effects
A: AC +5, unfitting armour, cold-blooded
a: Renounce Religion


You were on level 3 of the Dungeon.
You worshipped Xom.
You were a plaything of Xom.
You visited 1 branch of the dungeon, and saw 3 of its levels.

You collected 74 gold pieces.

Inventory:

Hand Weapons
 a - a +0 falchion of chaos (weapon)
Armour
 l - a +0 buckler (worn)
Scrolls
 d - a scroll of identify
 f - 2 scrolls of amnesia
 g - a scroll of summoning {unknown}
 i - a scroll of enchant armour {unknown}
 j - a scroll of torment {unknown}
 m - a scroll of teleportation {unknown}
Potions
 b - a potion of curing
 c - a potion of degeneration {unknown}
 e - a potion of lignification {unknown}
 h - a potion of heal wounds {unknown}
 k - a potion of cancellation {unknown}


   Skills:
 + Level 4.2 Fighting
 + Level 4.4 Long Blades
 + Level 2.4 Dodging
 + Level 0.3 Stealth


You had 3 spell levels left.
You didn't know any spells.
Your spell library was empty.

Dungeon Overview and Level Annotations

Branches:
Dungeon (3/15)

Altars:


Innate Abilities, Weirdness & Mutations

Your plain brown scales are hard. (AC +5)
You cannot fit into any form of body armour.
You are cold-blooded and may be slowed by cold attacks.


Message History

You are too injured to fight recklessly!
It was a potion of curing.
You feel better.
Xom thinks this is hilarious!
Something hits you but does no damage. The orc misses you.
You hit the worm.
The worm suddenly seems more agile.
The worm is moderately wounded.
The kobold hits you but does no damage. Something hits you.
The orc hits you but does no damage. You block the worm's attack.
The orc completely misses you. The kobold hits you but does no damage.
You barely miss the worm.
The worm is moderately wounded.
The orc hits you with a +0 mace. Something hits you.
The orc hits the kobold with a +0 short sword.
The kobold is killed!
The worm closely misses you.
You barely miss the jackal.
You tail-slap the jackal, but do no damage.
You block the jackal's attack. The orc hits you with a +0 mace.
Something hits you.
* * * LOW HITPOINT WARNING * * *
The orc barely misses you.
The jackal bites you but does no damage.
The jackal closely misses you. Something hits you.
* * * LOW HITPOINT WARNING * * *
The orc hits you but does no damage.
As you read the scroll labelled POCVET WUTESA, it crumbles to dust.
It is a scroll of identify.
f - 2 scrolls of amnesia The jackal bites you.
* * * LOW HITPOINT WARNING * * *
The orc hits you with a +0 short sword.
* * * LOW HITPOINT WARNING * * *
The jackal closely misses you. The worm bites you but does no damage.
The gnoll barely misses you.
You hear some strange, mumbled words.
A magic dart appears from out of thin air!
The magic dart hits you.
* * * LOW HITPOINT WARNING * * *
The orc hits you with a +0 mace.
You die...

..#.# #.# .o#..#
#.# ...... ...
..#...##.#
.........#
..#.#...K######.
.......{wo......
.....#ho@#
.....#ghh####.#.
......†..†......
.....#..#####.#.
...........#
....####.#### #
....####..####.#
...............#
....#####.#.##.#.#


You could see a worm (agile), a gnoll, 3 orcs, 3 jackals and a kobold.

Vanquished Creatures
  4 adders
  A worm (D:2)
  An orc (D:3)
  3 ball pythons
  4 endoplasms
  2 giant cockroaches
  4 goblins
  7 hobgoblins
  6 jackals
  2 quokkas
  7 bats
  4 frilled lizards
  7 kobolds
  4 rats
56 creatures vanquished.

Vanquished Creatures (collateral kills)
  A jackal (D:1)
1 creature vanquished.

Grand Total: 57 creatures vanquished

Notes
Turn   | Place    | Note
-------+----------+-------------------------------------------
     0 | D:1      | Lekart the Draconian Chaos Knight began the quest for the
                  | Orb.
     0 | D:1      | Reached XP level 1. HP: 19/19 MP: 1/1
   197 | D:1      | XOM: silly message
   281 | D:1      | Reached XP level 2. HP: 26/26 MP: 2/2
   772 | D:1      | Found a faded altar of an unknown god.
   776 | D:1      | Reached XP level 3. HP: 33/33 MP: 3/3
  1304 | D:2      | XOM: 2-stop teleportation journey
  1447 | D:2      | XOM: 1-stop teleportation journey
  1638 | D:2      | Reached XP level 4. HP: 35/40 MP: 4/4
  1858 | D:2      | XOM: cloud trail
  2044 | D:3      | XOM: noise
  2076 | D:3      | XOM: swap monsters
  2081 | D:3      | HP: 1/40 [something/magic dart (6)]
  2081 | D:3      | Slain by an orc

Illustrated notes

Levels and vault maps discovered:
D:1:      dpeg_arrival_round_c, layout_basic, chequers_ecumenical_altar_twisty,
          serial_park_tiny_2, chequers_serial_rivers_room_b, lemuel_old_faithful
D:2:      layout_loops_cross, chequers_serial_rivers_small_3,
          minmay_misc_feat_more_columns
D:3:      layout_basic, minmay_guardbox

Skill      XL: |  1  2  3 |
---------------+----------+-----
Long Blades    | 4 |  4.4
Fighting       | 4 |  4.2
Dodging        | |  2.4
Stealth        | |  0.3

Action                   |  1- 3 |  4- 6 || total
-------------------------+-------+-------++-------
Melee: Falchion          |   122 |    54 ||   176
       Tailslap          |    12 |     4 ||    16
  Use: Scroll            |       |     1 ||     1
       Potion            |       |     1 ||     1
 Stab: Distracted        |     1 |       ||     1
       Sleeping          |     1 |       ||     1
Armor: Skin              |    39 |    26 ||    65
Dodge: Dodged            |    89 |    37 ||   126
Block: Buckler           |       |     8 ||     8

Table legend: (Time is in decaauts)
 A = Elapsed time spent in this place.
 B = Non-inter-level travel time spent in this place.
 C = Inter-level travel time spent in this place.
 D = Time resting spent in this place.
 E = Time spent auto-exploring this place.
 F = Levels seen in this place.
 G = Mean time per level.
                   A        B        C        D        E       F      G
               +--------+--------+--------+--------+--------+-----+--------+
         Total |   2111 |   2049 |     62 |      0 |   1672 |   3 |  703.7 |
       Dungeon |   2111 |   2049 |     62 |      0 |   1672 |   3 |  703.7 |
               +--------+--------+--------+--------+--------+-----+--------+

Top non-repeatable levels by time:
     D:1: 1024 daAuts
     D:2: 982 daAuts
     D:3: 105 daAuts
